 Dungeon Crawl Stone Soup version 0.30-a0-224-ge52a3cb02f (webtiles) character file.

Game seed: 10632613237460379409

218061 qw the Peltast (level 19, -4/124 HPs)
             Began as a Gargoyle Fighter on Oct 9, 2022.
             Was a High Priest of Okawaru.
             Killed from afar by an ironbound thunderhulk (8 damage)
             ... with a bolt of lightning
             ... on level 1 of the Vaults.
             The game lasted 00:16:22 (35570 turns).

qw the Peltast (Gargoyle Fighter)                  Turns: 35570, Time: 00:16:23

Health: -4/124     AC: 42    Str: 32    XL:     19   Next: 10%
Magic:  16/21      EV: 11    Int: 10    God:    Okawaru [*****.]
Gold:   2618       SH: 26    Dex:  9    Spells: 18/18 levels left

rFire   + . .      SeeInvis +    c - +8 broad axe of Patience {pain, rN+ Will+ Str+5}
rCold   . . .      Faith    .    y - +0 tower shield of the Thunderstorm {rF+ Will++}
rNeg    + + .      Spirit   .    u - +2 plate armour {Will+}
rPois   inf        Reflect  +    z - +2 helmet
rElec   +          Harm     .    q - +0 cloak
rCorr   .          Rampage  .    p - +2 pair of gloves
Will    +++++                    b - +2 pair of boots
Stlth   ..........               B - amulet of reflection
HPRegen 0.40/turn                f - ring of see invisible
MPRegen 0.17/turn                E - +4 ring of slaying {mikee}

@: about to teleport, heroic, finesse-ful, corroded, flying, unable to drink
A: sickness immunity, AC +14, big wings, negative energy resistance 1,
electricity resistance, torment resistance 1, petrification resistance,
deterioration 1, low MP 2, sense surroundings 1, screaming 1, shaggy fur 1,
inability to drink after injury 1, noise suppression
}: 1/15 runes: serpentine
a: Renounce Religion, Heroism, Finesse, Duel


You were on level 1 of the Vaults.
You worshipped Okawaru.
Okawaru was extremely pleased with you.
You visited 7 branches of the dungeon, and saw 31 of its levels.

You collected 3420 gold pieces.
You spent 802 gold pieces at shops.


Innate Abilities, Weirdness & Mutations

You are immune to sickness and miasma.
Your stone body is resilient. (AC +14)
You are immune to poison.
Your large and strong wings let you fly.
You resist negative energy. (rN+)
You are resistant to electric shocks. (rElec)
You are resistant to unholy torment.
You are immune to petrification.
Your body sometimes deteriorates upon taking damage.
Your magical capacity is very low. (-20% MP)
You passively map a small area around you.
You occasionally shout uncontrollably at your foes.
You are covered in fur. (AC +1)
You occasionally lose the ability to drink potions when taking damage.
You passively dampen the noise of your surroundings.


   Skills:
 - Level 15.0(20.0) Fighting
 - Level 18.0(23.0) Axes
 - Level 8.0(13.0) Throwing
 - Level 15.0(20.0) Armour
 - Level 4.1(9.1) Dodging
 + Level 18.4(23.4) Shields
 - Level 10.1 Invocations


You had 18 spell levels left.
You didn't know any spells.
Your spell library was empty.

Inventory:

Hand Weapons
 c - the +8 broad axe of Patience (weapon) {pain, rN+ Will+ Str+5}
   (You acquired it on level 10 of the Dungeon)

   In the hands of one skilled in necromantic magic, it inflicts extra damage on
   living creatures.
   Str:       It affects your strength (+5).
   rN:        It protects you from negative energy.
   Will:      It increases your willpower.
 s - the +7 war axe "Oxery" {holy, rF+ rN+ Str+4}
   (You found it on level 8 of the Dungeon)

   It has been blessed by the Shining One to cause great damage to the undead
   and demons.
   Str:       It affects your strength (+4).
   rF:        It protects you from fire.
   rN:        It protects you from negative energy.
Missiles
 e - 52 boomerangs
 G - a silver boomerang (quivered)
Armour
 b - a +2 pair of boots (worn)
 m - the +3 scale mail of qw's Prudence {rPois rF+ Str+3 Slay+3}
   (Okawaru gifted it to you on level 5 of the Lair of Beasts)

   Str:       It affects your strength (+3).
   Slay:      It affects your accuracy & damage with ranged weapons and melee
   (+3).
   rF:        It protects you from fire.
   rPois:     It protects you from poison.
 p - a +2 pair of gloves (worn)
 q - a +0 cloak (worn)
 u - a +2 plate armour of willpower (worn)
 v - a +2 chain mail of cold resistance
 x - a +2 tower shield
 y - the +0 tower shield of the Thunderstorm (worn) {rF+ Will++}
   (You acquired it on level 13 of the Dungeon)

   rF:        It protects you from fire.
   Will:      It greatly increases your willpower.
 z - a +2 helmet (worn)
 C - +0 acid dragon scales
Jewellery
 f - a ring of see invisible (left hand)
 r - a ring of fire
 w - a ring of ice
 B - an amulet of reflection (around neck)
 E - a +4 ring of slaying (right hand) {mikee}
 Y - a +6 ring of strength
Scrolls
 i - 5 scrolls of identify
 j - 13 scrolls of teleportation
 t - a scroll of brand weapon
 F - a scroll of enchant weapon
Potions
 a - 6 potions of lignification
 d - 5 potions of might
 g - a potion of cancellation
 h - 13 potions of curing
 k - a potion of haste
 l - 12 potions of heal wounds
 n - 5 potions of resistance
 o - 11 potions of attraction
 A - 2 potions of magic

Dungeon Overview and Level Annotations

Branches:
Dungeon (15/15)            Temple (1/1) D:5            Lair (5/5) D:10
 Shoals (3/4) Lair:3        Snake (4/4) Lair:3        Slime (0/5) Lair:5
    Orc (2/2) D:12            Elf (0/3) Orc:2        Vaults (1/5) D:13
 Depths (0/4) D:15

Altars:
Ashenzari
Cheibriados
Dithmenos
Elyvilon
Fedhas
Gozag
Hepliaklqana
Kikubaaqudgha
Makhleb
Nemelex Xobeh
Okawaru
Qazlal
Ru
Sif Muna
Trog
Uskayaw
Vehumet
Wu Jian
Xom
Yredelemnul
Zin
The Shining One
Jiyva

Shops:
D:4 [   D:15 ?   Orc:2 [*!([   Vaults:1 *

Annotations:
D:3 1 runed translucent door, Crazy Yiuf
Lair:5 1 runed translucent door


Message History

You slash the vault sentinel!
You kill the vault sentinel!
Okawaru accepts your kill.
You slash the tengu reaver! You closely miss the deep troll.
You slice the deep troll!!
You kill the deep troll!
Okawaru accepts your kill. You block the deep troll's attack.
The deep troll claws you! You block the deep troll's attack.
You barely miss the tengu reaver.
The tengu reaver is moderately wounded.
You slice the deep troll!!
The tengu reaver hits you with a +0 great mace.
You block the tengu reaver's attack. x2
You hit the deep troll but do no damage.
The deep troll is severely wounded.
You slice the tengu reaver!! You barely miss the tengu reaver.
The tengu reaver is severely wounded.
You slash the deep troll!
You kill the deep troll!
Okawaru accepts your kill.
The yaktaur shoots a bolt.
You reflect the bolt off an invisible shield around you!
The bolt barely misses the tengu reaver.
The bolt hits the yaktaur!!
You barely miss the tengu reaver.
The tengu reaver is severely wounded.
You slash the ironbound convoker! You block the tengu reaver's attack. x2
The tengu reaver claws you but does no damage.
You slice the tengu reaver!!
The tengu reaver is almost dead.
You hit the ironbound convoker but do no damage.
You closely miss the tengu reaver.
The tengu reaver is almost dead.
You slice the ironbound convoker!!
Electricity crackles from the ironbound thunderhulk's apparatus.
The bolt of lightning hits you! You resist.
You die...

....#......# #....
....#......# ....#
#.... ....#......#
#....#* #....
....#......# *......
#.... ....########
#...... ###### ##..#
..O... #.....
,#..#############cT.#
, ,**#.....
#.............)[Q.# *
*#..###
#.............'@p.#
#..#
#.............##)..#
, #..#
,#.............#
....... #''###
#.............#
#...... #.....
#............!#
...... #.....
#.............#
#....# ######
#.............# ....#
...............#
**....#*
...............#


You could see an ironbound thunderhulk, a tengu reaver, a deep troll, an
ironbound convoker (catching breath) and a yaktaur.

Vanquished Creatures
  Jorgrun (Shoals:1)
  Rupert (D:12)
  3 krakens
  2 quicksilver dragons (Snake:4)
  Polyphemus (Shoals:3)
  A shadow dragon (Vaults:1)
  Ilsuiw (Shoals:2)
  5 nagarajas
  Aizul (Snake:4)
  A vault warden (Vaults:1)
  A very ugly thing (Vaults:1)
  2 ironbound preservers (Vaults:1)
  An ironbound thunderhulk (Vaults:1)
  An orc warlord (Orc:2)
  Nessos (D:12)
  An ettin (D:15)
  A deep elf death mage (Vaults:1)
  A merfolk javelineer (Shoals:2)
  An entropy weaver (Vaults:1)
  6 merfolk impalers
  A yaktaur captain (Vaults:1)
  Fannar (D:11)
  7 hydras
  A salamander tyrant (Snake:4)
  A vault guard (D:13)
  An ironbound frostheart (Vaults:1)
  5 catoblepae
  6 anacondas
  6 centaur warriors
  3 merfolk aquamancers
  2 merfolk avatars
  A satyr (Shoals:3)
  2 boulder beetles (D:11)
  8 two-headed ogres
  6 tengu warriors
  14 naga warriors
  17 naga sharpshooters
  An orc high priest (Orc:2)
  9 death yaks
  4 shock serpents
  9 sea snakes
  4 deep trolls
  3 salamander mystics
  10 naga ritualists
  2 wizards
  7 lindwurms
  An orc knight (Orc:2)
  Pikel (D:8)
  9 harpies
  A necromancer (D:15)
  3 deep elf pyromancers
  3 ironbound convokers (Vaults:1)
  3 orc sorcerers
  11 mana vipers
  14 ugly things
  7 fauns
  11 cyclopes
  8 manticores
  48 black mambas
  15 salamanders
  8 merfolk sirens
  13 elephants
  A water nymph (Shoals:2)
  15 naga magi
  6 guardian serpents
  4 vault sentinels (Vaults:1)
  2 torpor snails (Lair:5)
  A gargoyle (D:11)
  18 cane toads
  An unseen horror (D:12)
  An unseen horror (shapeshifter) (D:14)
  7 komodo dragons
  6 rime drakes
  3 yaktaurs
  2 freezing wraiths
  A tengu conjurer (D:13)
  16 merfolk
  7 wind drakes
  6 trolls
  13 polar bears
  9 dream sheep
  9 slime creatures
  3 blink frogs (Lair:1)
  4 snapping turtles
  2 raiju (Lair:5)
  Sigmund (D:6)
  A vampire (D:10)
  11 water elementals
  3 wyverns
  72 yaks
  3 basilisks
  3 wraiths
  2 steam dragons
  14 vampire mosquitoes
  11 wargs
  36 nagas
  4 acid dragons
  15 water moccasins
  15 hell hounds (Lair:5)
  35 orc warriors
  An ice beast (D:6)
  15 black bears
  12 ogres
  32 wolves
  2 centaurs
  3 kobold brigands (D:12)
  4 gnoll sergeants
  7 bullfrogs
  3 necrophages
  3 scorpions
  A hornet simulacrum (D:14)
  12 wights
  17 killer bees
  An electric eel (D:15)
  4 howler monkeys
  3 hounds
  2 jellies
  21 orc priests
  Jessica (D:2)
  4 iguanas
  18 orc wizards
  Robin (D:2)
  6 adders
  10 gnolls
  2 white imps
  A worm (D:5)
  9 dart slugs
  112 orcs
  6 ball pythons
  4 endoplasms
  4 giant cockroaches
  17 goblins
  11 hobgoblins
  4 jackals (D:3)
  7 kobolds
  4 quokkas
  6 bats
  2 frilled lizards (D:1)
  7 rats
  6 tentacles
1068 creatures vanquished.

Vanquished Creatures (others)
  A tengu conjurer (D:14)
  An orc (Orc:2)
  A bush (Shoals:3)
  16 fungi
  136 plants
  13 tentacles
168 creatures vanquished.

Grand Total: 1236 creatures vanquished

Notes
Turn   | Place    | Note
-------+----------+-------------------------------------------
     0 | D:1      | qw the Gargoyle Fighter began the quest for the Orb.
     0 | D:1      | Reached XP level 1. HP: 14/14 MP: 1/1
     0 | D:1      | 0 ||| qw: Version: 0.2-a-17-g06abaee
     0 | D:1      | 0 ||| qw: Game counter: 2266
     0 | D:1      | 0 ||| qw: Always use a shield: true
     0 | D:1      | 0 ||| qw: God list: Okawaru
     0 | D:1      | 0 ||| qw: Allow faded altars: false
     0 | D:1      | 0 ||| qw: Do Orc after D:15 true
     0 | D:1      | 0 ||| qw: Do second Lair branch before Depths: true
     0 | D:1      | 0 ||| qw: Lair rune preference: random
     0 | D:1      | 0 ||| qw: Plans: Normal, Zot:1-4, God:TSO, Crypt, Tomb,
                  | Pan, Slime:5, Hells, Abyss, Orb
     0 | D:1      | 0 ||| PLANNING D:1-11
   154 | D:1      | Reached XP level 2. HP: 19/19 MP: 2/2
   161 | D:1      | 161 ||| Stepping ~*~*~tactically~*~*~ (hiding).
   755 | D:1      | Reached skill level 3 in Axes
   761 | D:1      | 761 ||| Stepping ~*~*~tactically~*~*~ (stealth).
   854 | D:1      | Reached XP level 3. HP: 22/23 MP: 3/3
  1035 | D:1      | 1035 ||| Stepping ~*~*~tactically~*~*~ (stealth).
  1077 | D:1      | 1077 ||| UPGRADING to +0 helmet.
  1082 | D:1      | 1082 ||| READING scroll labelled QODOAMP HEXZE.
  1083 | D:1      | 1083 ||| READING scroll labelled NEFASE ISEQISMA.
  1086 | D:1      | 1086 ||| READING 3 scrolls labelled DISUMA FOAQ.
  1087 | D:1      | 1087 ||| READING 2 scrolls labelled LULUDGHUETT.
  1088 | D:1      | 1088 ||| READING scroll labelled BUYPLU TUI.
  1106 | D:1      | 1106 ||| READING 2 scrolls of identify.
  1106 | D:1      | 1106 ||| IDENTIFYING sedimented purple potion
  1107 | D:1      | 1107 ||| DROPPING potion of degeneration.
  1108 | D:1      | 1108 ||| DROPPING scroll of poison.
  1167 | D:2      | 1167 ||| Stepping ~*~*~tactically~*~*~ (hiding).
  1297 | D:2      | 1297 ||| Stepping ~*~*~tactically~*~*~ (hiding).
  1308 | D:2      | 1308 ||| Stepping ~*~*~tactically~*~*~ (stealth).
  1332 | D:2      | 1332 ||| Stepping ~*~*~tactically~*~*~ (hiding).
  1490 | D:2      | Noticed Jessica
  1501 | D:2      | Killed Jessica
  1502 | D:2      | Reached XP level 4. HP: 23/28 MP: 4/4
  1517 | D:2      | 1517 ||| Stepping ~*~*~tactically~*~*~ (stealth).
  1684 | D:2      | Noticed Robin
  1701 | D:2      | Killed Robin
  1702 | D:2      | Reached XP level 5. HP: 18/32 MP: 5/5
  2024 | D:2      | 2024 ||| READING scroll labelled ENULA LAIQI.
  2025 | D:2      | 2025 ||| READING scroll labelled SIJU OTIBREDEMUBU.
  2026 | D:2      | 2026 ||| READING scroll labelled DEDDEX OQUJEB.
  2027 | D:2      | 2027 ||| DRINKING 2 brown potions.
  2073 | D:3      | 2073 ||| READING scroll labelled DAVIUF ZUGESI.
  2135 | D:3      | 2135 ||| Stepping ~*~*~tactically~*~*~ (stealth).
  2138 | D:3      | 2138 ||| Stepping ~*~*~tactically~*~*~ (stealth).
  2292 | D:3      | 2292 ||| Stepping ~*~*~tactically~*~*~ (hiding).
  2293 | D:3      | 2293 ||| Stepping ~*~*~tactically~*~*~ (hiding).
  2511 | D:3      | 2511 ||| READING scroll labelled VIULIO SA EMU.
  2529 | D:3      | 2529 ||| FLEEEEING.
  2530 | D:3      | 2530 ||| FLEEEEING.
  2531 | D:3      | 2531 ||| FLEEEEING.
  2532 | D:3      | 2532 ||| FLEEEEING.
  2533 | D:3      | 2533 ||| FLEEEEING.
  2534 | D:3      | 2534 ||| FLEEEEING.
  2535 | D:3      | 2535 ||| FLEEEEING.
  2536 | D:3      | 2536 ||| FLEEEEING.
  2537 | D:3      | 2537 ||| FLEEEEING.
  2538 | D:3      | 2538 ||| FLEEEEING.
  2539 | D:3      | 2539 ||| FLEEEEING.
  2540 | D:3      | 2540 ||| FLEEEEING.
  2541 | D:3      | 2541 ||| FLEEEEING.
  2542 | D:3      | 2542 ||| FLEEEEING.
  2543 | D:3      | 2543 ||| FLEEEEING.
  2544 | D:3      | 2544 ||| FLEEEEING.
  2545 | D:3      | 2545 ||| FLEEEEING.
  2546 | D:3      | 2546 ||| FLEEEEING.
  2799 | D:3      | 2799 ||| Stepping ~*~*~tactically~*~*~ (stealth).
  2843 | D:3      | 2843 ||| Stepping ~*~*~tactically~*~*~ (stealth).
  2902 | D:3      | Found a runed translucent door.
  2903 | D:3      | Noticed Crazy Yiuf
  3226 | D:3      | 3226 ||| READING scroll labelled MOHIES HOBRA.
  3227 | D:3      | 3227 ||| READING 2 scrolls of identify.
  3227 | D:3      | 3227 ||| IDENTIFYING white potion
  3412 | D:4      | 3412 ||| Stepping ~*~*~tactically~*~*~ (stealth).
  3414 | D:4      | Found Ecupt's Armour Emporium.
  3428 | D:4      | Reached XP level 6. HP: 34/38 MP: 6/6
  3445 | D:4      | 3445 ||| BUYING +0 chain mail (45 gold).
  3445 | D:4      | Bought a +0 chain mail for 45 gold pieces
  3445 | D:4      | 3445 ||| BUYING +0 pair of boots (45 gold).
  3445 | D:4      | Bought a +0 pair of boots for 45 gold pieces
  3445 | D:4      | 3445 ||| SHOPLISTING +3 chain mail "Ozxuts" {rPois rN+
                  | Int-3} (286 gold, have 135).
  3495 | D:4      | 3495 ||| Stepping ~*~*~tactically~*~*~ (stealth).
  3567 | D:4      | HP: 5/39 [wight/+0 great sword (13)]
  3568 | D:4      | 3568 ||| READING 4 scrolls of teleportation.
  3569 | D:4      | 3569 ||| DRINKING 2 potions of heal wounds.
  3786 | D:4      | Reached skill level 1 in Dodging
  3816 | D:4      | 3816 ||| FLEEEEING.
  3817 | D:4      | 3817 ||| FLEEEEING.
  3818 | D:4      | 3818 ||| FLEEEEING.
  3819 | D:4      | 3819 ||| FLEEEEING.
  3820 | D:4      | 3820 ||| FLEEEEING.
  3821 | D:4      | 3821 ||| FLEEEEING.
  3822 | D:4      | 3822 ||| FLEEEEING.
  3826 | D:4      | 3826 ||| FLEEEEING.
  3827 | D:4      | 3827 ||| FLEEEEING.
  3828 | D:4      | 3828 ||| FLEEEEING.
  3829 | D:4      | 3829 ||| FLEEEEING.
  3830 | D:4      | 3830 ||| FLEEEEING.
  3831 | D:4      | 3831 ||| FLEEEEING.
  3835 | D:4      | 3835 ||| FLEEEEING.
  3836 | D:4      | 3836 ||| FLEEEEING.
  3837 | D:4      | 3837 ||| FLEEEEING.
  3978 | D:4      | 3978 ||| Stepping ~*~*~tactically~*~*~ (hiding).
  4177 | D:4      | 4177 ||| DROPPING +0 whip.
  4394 | D:4      | Reached skill level 6 in Axes
  4394 | D:4      | Reached XP level 7. HP: 44/44 MP: 7/7
  4632 | D:4      | 4632 ||| UPGRADING to +0 chain mail.
  4642 | D:4      | 4642 ||| DROPPING +0 scale mail.
  4643 | D:4      | 4643 ||| UPGRADING to +0 pair of boots.
  4648 | D:4      | 4648 ||| READING 2 scrolls of identify.
  4648 | D:4      | 4648 ||| IDENTIFYING blue potion
  4690 | D:5      | Entered Level 5 of the Dungeon
  4734 | D:5      | Found a staircase to the Ecumenical Temple.
  4735 | D:5      | 4735 ||| PLANNING TEMPLE
  4741 | Temple   | Entered the Ecumenical Temple
  4821 | Temple   | 4821 ||| PLANNING OKAWARU WORSHIP
  4848 | Temple   | Became a worshipper of Warmaster Okawaru
  4849 | Temple   | 4849 ||| PLANNING D:1-11
  5040 | D:5      | 5040 ||| Stepping ~*~*~tactically~*~*~ (stealth).
  5041 | D:5      | 5041 ||| Stepping ~*~*~tactically~*~*~ (stealth).
  5074 | D:5      | 5074 ||| Stepping ~*~*~tactically~*~*~ (stealth).
  5078 | D:5      | 5078 ||| Stepping ~*~*~tactically~*~*~ (hiding).
  5166 | D:5      | 5166 ||| Stepping ~*~*~tactically~*~*~ (stealth).
  5254 | D:5      | 5254 ||| Stepping ~*~*~tactically~*~*~ (stealth).
  5329 | D:5      | 5329 ||| Stepping ~*~*~tactically~*~*~ (hiding).
  5331 | D:5      | 5331 ||| Stepping ~*~*~tactically~*~*~ (hiding).
  5465 | D:5      | Reached skill level 1 in Throwing
  5465 | D:5      | Reached XP level 8. HP: 49/49 MP: 8/8
  5515 | D:5      | 5515 ||| DROPPING ring of wizardry.
  5516 | D:5      | 5516 ||| UPGRADING to +6 ring of strength.
  5517 | D:5      | 5517 ||| READING 2 scrolls of identify.
  5517 | D:5      | 5517 ||| IDENTIFYING fuming clear potion
  5596 | D:6      | Reached * piety under Okawaru
  5624 | D:6      | 5624 ||| INVOKING Heroism.
  5633 | D:6      | Reached skill level 1 in Invocations
  5744 | D:6      | Noticed Sigmund
  5745 | D:6      | 5745 ||| INVOKING Heroism.
  5746 | D:6      | 5746 ||| DRINKING 3 potions of curing.
  5746 | D:6      | 5746 ||| (to cure confusion)
  5759 | D:6      | 5759 ||| DRINKING 2 potions of curing.
  5759 | D:6      | 5759 ||| (to cure confusion)
  5760 | D:6      | Killed Sigmund
  5761 | D:6      | Reached skill level 3 in Invocations
  6006 | D:6      | 6006 ||| INVOKING Heroism.
  6008 | D:6      | Reached ** piety under Okawaru
  6150 | D:6      | Reached XP level 9. HP: 46/54 MP: 12/12
  6495 | D:6      | 6495 ||| UPGRADING to +0 plate armour.
  6505 | D:6      | 6505 ||| DROPPING +0 chain mail.
  6506 | D:6      | 6506 ||| DRINKING 2 orange potions.
  6507 | D:6      | 6507 ||| READING 2 scrolls of identify.
  6507 | D:6      | 6507 ||| IDENTIFYING silvery potion
  6508 | D:6      | 6508 ||| DROPPING potion of flight.
  6588 | D:7      | 6588 ||| INVOKING Heroism.
  6590 | D:7      | 6590 ||| Stepping ~*~*~tactically~*~*~ (stealth).
  6596 | D:7      | 6596 ||| Stepping ~*~*~tactically~*~*~ (stealth).
  6598 | D:7      | 6598 ||| Stepping ~*~*~tactically~*~*~ (stealth).
  6634 | D:7      | 6634 ||| DROPPING +4 mace.
  6671 | D:7      | 6671 ||| INVOKING Heroism.
  6731 | D:7      | 6731 ||| INVOKING Heroism.
  6744 | D:7      | 6744 ||| INVOKING Heroism.
  6746 | D:7      | Reached skill level 6 in Fighting
  7028 | D:7      | 7028 ||| INVOKING Heroism.
  7157 | D:7      | 7157 ||| Stepping ~*~*~tactically~*~*~ (hiding).
  7160 | D:7      | 7160 ||| Stepping ~*~*~tactically~*~*~ (hiding).
  7165 | D:7      | 7165 ||| INVOKING Heroism.
  7182 | D:7      | 7182 ||| Stepping ~*~*~tactically~*~*~ (hiding).
  7190 | D:7      | 7190 ||| INVOKING Heroism.
  7199 | D:7      | Reached skill level 9 in Axes
  7368 | D:7      | 7368 ||| READING scroll labelled QYUDWAITON.
  7369 | D:7      | 7369 ||| READING 3 scrolls of identify.
  7369 | D:7      | 7369 ||| IDENTIFYING lumpy green potion
  7370 | D:7      | 7370 ||| READING 2 scrolls of identify.
  7370 | D:7      | 7370 ||| IDENTIFYING glowing orange potion
  7371 | D:7      | 7371 ||| DROPPING potion of invisibility.
  7372 | D:7      | 7372 ||| DROPPING potion of brilliance.
  7432 | D:8      | 7432 ||| Stepping ~*~*~tactically~*~*~ (stealth).
  7523 | D:8      | 7523 ||| Stepping ~*~*~tactically~*~*~ (stealth).
  7526 | D:8      | 7526 ||| Stepping ~*~*~tactically~*~*~ (stealth).
  7527 | D:8      | 7527 ||| Stepping ~*~*~tactically~*~*~ (stealth).
  7528 | D:8      | 7528 ||| Stepping ~*~*~tactically~*~*~ (stealth).
  7670 | D:8      | Noticed Pikel
  7671 | D:8      | 7671 ||| INVOKING Heroism.
  7680 | D:8      | 7680 ||| Stepping ~*~*~tactically~*~*~ (stealth).
  7690 | D:8      | Killed Pikel
  7691 | D:8      | Reached XP level 10. HP: 48/63 MP: 13/13
  7788 | D:8      | Reached *** piety under Okawaru
  7801 | D:8      | You fall into a shaft and drop 3 floors!
  7947 | D:11     | Noticed a gargoyle
  7951 | D:11     | 7951 ||| INVOKING Heroism.
  7954 | D:11     | Killed a gargoyle
  8052 | D:11     | 8052 ||| READING scroll of enchant armour.
  8052 | D:11     | 8052 ||| ENCHANTING +0 helmet.
  8084 | D:11     | Noticed a two-headed ogre
  8085 | D:11     | 8085 ||| INVOKING Heroism.
  8092 | D:11     | Killed a two-headed ogre
  8121 | D:11     | 8121 ||| UPGRADING to +0 pair of gloves.
  8126 | D:11     | 8126 ||| READING scroll labelled YKAESMUICW.
  8127 | D:11     | 8127 ||| READING scroll labelled APNI IFOSK.
  8133 | D:10     | Entered Level 10 of the Dungeon
  8134 | D:10     | 8134 ||| INVOKING Heroism.
  8153 | D:10     | Reached **** piety under Okawaru
  8158 | D:10     | 8158 ||| INVOKING Heroism.
  8159 | D:10     | Reached XP level 11. HP: 47/68 MP: 11/14
  8242 | D:10     | Noticed a two-headed ogre
  8243 | D:10     | 8243 ||| INVOKING Heroism.
  8256 | D:10     | Killed a two-headed ogre
  8312 | D:10     | 8312 ||| Stepping ~*~*~tactically~*~*~ (hiding).
  8315 | D:10     | 8315 ||| Stepping ~*~*~tactically~*~*~ (hiding).
  8316 | D:10     | 8316 ||| Stepping ~*~*~tactically~*~*~ (hiding).
  8341 | D:10     | 8341 ||| Stepping ~*~*~tactically~*~*~ (stealth).
  8343 | D:10     | 8343 ||| Stepping ~*~*~tactically~*~*~ (stealth).
  8345 | D:10     | 8345 ||| Stepping ~*~*~tactically~*~*~ (hiding).
  8354 | D:10     | 8354 ||| INVOKING Heroism.
  8465 | D:9      | 8465 ||| INVOKING Heroism.
  8477 | D:9      | Reached skill level 6 in Invocations
  8636 | D:8      | Identified the +7 war axe "Oxery" {holy, rF+ rN+ Str+4}
  8638 | D:8      | 8638 ||| SWAPPING to +7 war axe "Oxery" {holy, rF+ rN+
                  | Str+4}.
  8639 | D:8      | 8639 ||| DROPPING +1 war axe of venom.
  8739 | D:8      | Noticed a lindwurm
  8740 | D:8      | 8740 ||| INVOKING Heroism.
  8823 | D:8      | Reached skill level 3 in Throwing
  8901 | D:8      | Noticed a lindwurm
  9034 | D:8      | Noticed a lindwurm
  9037 | D:8      | 9037 ||| INVOKING Heroism.
  9055 | D:8      | 9055 ||| FLEEEEING.
  9056 | D:8      | 9056 ||| FLEEEEING.
  9057 | D:8      | 9057 ||| FLEEEEING.
  9058 | D:8      | 9058 ||| FLEEEEING.
  9058 | D:8      | Noticed a lindwurm
  9059 | D:8      | 9059 ||| FLEEEEING.
  9059 | D:8      | HP: 6/68 [lindwurm/blast of flame (12)]
  9060 | D:8      | 9060 ||| FLEEEEING.
  9061 | D:8      | 9061 ||| FLEEEEING.
  9062 | D:8      | 9062 ||| FLEEEEING.
  9062 | D:8      | HP: 2/68 [lindwurm/blast of flame (5)]
  9063 | D:8      | 9063 ||| FLEEEEING.
  9064 | D:8      | 9064 ||| FLEEEEING.
  9070 | D:8      | 9070 ||| STAIRDANCE
  9434 | D:8      | 9434 ||| INVOKING Heroism.
  9561 | D:8      | 9561 ||| INVOKING Heroism.
  9596 | D:8      | 9596 ||| FLEEEEING.
  9597 | D:8      | 9597 ||| FLEEEEING.
  9598 | D:8      | 9598 ||| FLEEEEING.
  9599 | D:8      | 9599 ||| FLEEEEING.
  9600 | D:8      | 9600 ||| FLEEEEING.
  9601 | D:8      | 9601 ||| FLEEEEING.
  9602 | D:8      | 9602 ||| FLEEEEING.
  9604 | D:8      | 9604 ||| FLEEEEING.
  9608 | D:8      | 9608 ||| FLEEEEING.
  9609 | D:8      | 9609 ||| FLEEEEING.
  9610 | D:8      | 9610 ||| FLEEEEING.
  9611 | D:8      | 9611 ||| FLEEEEING.
  9612 | D:8      | 9612 ||| FLEEEEING.
  9613 | D:8      | 9613 ||| FLEEEEING.
  9614 | D:8      | 9614 ||| FLEEEEING.
  9615 | D:8      | 9615 ||| STAIRDANCE
  9727 | D:8      | 9727 ||| INVOKING Heroism.
  9752 | D:8      | 9752 ||| FLEEEEING.
  9753 | D:8      | 9753 ||| FLEEEEING.
  9754 | D:8      | 9754 ||| FLEEEEING.
  9755 | D:8      | 9755 ||| FLEEEEING.
  9756 | D:8      | 9756 ||| FLEEEEING.
  9757 | D:8      | 9757 ||| FLEEEEING.
  9758 | D:8      | 9758 ||| FLEEEEING.
  9759 | D:8      | 9759 ||| FLEEEEING.
  9760 | D:8      | 9760 ||| STAIRDANCE
  9829 | D:8      | 9829 ||| INVOKING Heroism.
  9858 | D:8      | 9858 ||| FLEEEEING.
  9859 | D:8      | 9859 ||| FLEEEEING.
  9860 | D:8      | 9860 ||| FLEEEEING.
  9861 | D:8      | 9861 ||| FLEEEEING.
  9862 | D:8      | 9862 ||| STAIRDANCE
  9960 | D:8      | 9960 ||| INVOKING Heroism.
  9980 | D:8      | 9980 ||| FLEEEEING.
  9981 | D:8      | 9981 ||| FLEEEEING.
  9982 | D:8      | 9982 ||| FLEEEEING.
  9983 | D:8      | 9983 ||| FLEEEEING.
  9984 | D:8      | 9984 ||| FLEEEEING.
  9985 | D:8      | 9985 ||| STAIRDANCE
 10053 | D:8      | 10053 ||| INVOKING Heroism.
 10083 | D:8      | HP: 10/68 [lindwurm/blast of flame (13)]
 10084 | D:8      | 10084 ||| FLEEEEING.
 10085 | D:8      | 10085 ||| FLEEEEING.
 10086 | D:8      | 10086 ||| FLEEEEING.
 10087 | D:8      | 10087 ||| FLEEEEING.
 10088 | D:8      | 10088 ||| STAIRDANCE
 10271 | D:8      | 10271 ||| INVOKING Heroism.
 10386 | D:9      | 10386 ||| Stepping ~*~*~tactically~*~*~ (stealth).
 10487 | D:9      | 10487 ||| Stepping ~*~*~tactically~*~*~ (stealth).
 10489 | D:9      | 10489 ||| Stepping ~*~*~tactically~*~*~ (stealth).
 10491 | D:9      | 10491 ||| Stepping ~*~*~tactically~*~*~ (hiding).
 10498 | D:9      | 10498 ||| DRINKING 4 potions of curing.
 10498 | D:9      | 10498 ||| (to cure confusion)
 10661 | D:9      | Found a hide-covered altar of Uskayaw.
 10706 | D:9      | 10706 ||| INVOKING Heroism.
 10821 | D:9      | 10821 ||| Stepping ~*~*~tactically~*~*~ (stealth).
 10823 | D:9      | 10823 ||| Stepping ~*~*~tactically~*~*~ (stealth).
 10826 | D:9      | 10826 ||| INVOKING Heroism.
 10933 | D:9      | 10933 ||| Stepping ~*~*~tactically~*~*~ (stealth).
 10938 | D:9      | 10938 ||| Stepping ~*~*~tactically~*~*~ (stealth).
 10972 | D:9      | 10972 ||| Stepping ~*~*~tactically~*~*~ (stealth).
 10988 | D:9      | 10988 ||| Stepping ~*~*~tactically~*~*~ (stealth).
 11109 | D:9      | Found an ancient bone altar of Kikubaaqudgha.
 11110 | D:9      | Found a shimmering altar of Xom.
 11112 | D:9      | Found an ornate altar of the Wu Jian Council.
 11156 | D:9      | Found a bloodstained altar of Trog.
 11157 | D:9      | Found a shimmering blue altar of Sif Muna.
 11157 | D:9      | Found a radiant altar of Vehumet.
 11157 | D:9      | Found a basalt altar of Yredelemnul.
 11157 | D:9      | Found a sacrificial altar of Ru.
 11158 | D:9      | Found a glowing golden altar of the Shining One.
 11160 | D:9      | Found a stormy altar of Qazlal.
 11161 | D:9      | Found an opulent altar of Gozag.
 11162 | D:9      | Found a burning altar of Makhleb.
 11207 | D:9      | 11207 ||| UPGRADING to +6 ring of dexterity.
 11269 | D:10     | 11269 ||| INVOKING Heroism.
 11289 | D:10     | 11289 ||| INVOKING Heroism.
 11316 | D:10     | 11316 ||| DROPPING +0 flail.
 11490 | D:10     | 11490 ||| INVOKING Heroism.
 11492 | D:10     | Found a staircase to the Lair.
 11503 | D:10     | Reached skill level 3 in Dodging
 11503 | D:10     | 11503 ||| DRINKING 3 potions of curing.
 11503 | D:10     | 11503 ||| (to cure confusion)
 11718 | D:10     | Noticed a two-headed ogre
 11719 | D:10     | 11719 ||| INVOKING Heroism.
 11726 | D:10     | Killed a two-headed ogre
 11727 | D:10     | Reached skill level 9 in Fighting
 11744 | D:10     | Received a gift from Okawaru
 11777 | D:10     | Identified the +2 robe "Kirejon" {rC+}
 11806 | D:10     | 11806 ||| READING scroll of enchant armour.
 11806 | D:10     | 11806 ||| ENCHANTING +0 pair of gloves.
 11811 | D:10     | Noticed a two-headed ogre
 11812 | D:10     | 11812 ||| INVOKING Heroism.
 11817 | D:10     | Killed a two-headed ogre
 11926 | D:10     | 11926 ||| PLANNING LAIR
 11926 | D:10     | 11926 ||| UPGRADING to +0 kite shield.
 11936 | D:10     | 11936 ||| DROPPING +0 buckler.
 11937 | D:10     | 11937 ||| UPGRADING to +2 helmet.
 11947 | D:10     | 11947 ||| DROPPING +1 helmet.
 11948 | D:10     | 11948 ||| READING scroll labelled TOUMI RIUX.
 11948 | D:10     | Identified a scroll of acquirement
 11948 | D:10     | 11948 ||| ACQUIRING +8 broad axe of Patience {pain, rN+
                  | Will+ Str+5}
 11948 | D:10     | Acquired the +8 broad axe of Patience {pain, rN+ Will+
                  | Str+5}
 11950 | D:10     | 11950 ||| SWAPPING to +8 broad axe of Patience {pain, rN+
                  | Will+ Str+5}.
 11951 | D:10     | 11951 ||| DRINKING 2 cyan potions.
 11951 | D:10     | Gained mutation: You are frail. (-10% HP) [potion of
                  | mutation]
 11952 | D:10     | 11952 ||| DRINKING potion of mutation.
 11952 | D:10     | Lost mutation: You are frail. (-10% HP) [potion of
                  | mutation]
 11952 | D:10     | Gained mutation: You have very sharp teeth. [potion of
                  | mutation]
 12036 | Lair:1   | Entered Level 1 of the Lair of Beasts
 12073 | Lair:1   | 12073 ||| Stepping ~*~*~tactically~*~*~ (stealth).
 12074 | Lair:1   | 12074 ||| Stepping ~*~*~tactically~*~*~ (stealth).
 12075 | Lair:1   | 12075 ||| INVOKING Heroism.
 12090 | Lair:1   | Reached ***** piety under Okawaru
 12094 | Lair:1   | 12094 ||| READING scroll of enchant armour.
 12094 | Lair:1   | 12094 ||| ENCHANTING +1 pair of gloves.
 12199 | Lair:1   | 12199 ||| Stepping ~*~*~tactically~*~*~ (stealth).
 12201 | Lair:1   | 12201 ||| Stepping ~*~*~tactically~*~*~ (stealth).
 12203 | Lair:1   | 12203 ||| Stepping ~*~*~tactically~*~*~ (stealth).
 12205 | Lair:1   | 12205 ||| Stepping ~*~*~tactically~*~*~ (stealth).
 12206 | Lair:1   | 12206 ||| Stepping ~*~*~tactically~*~*~ (stealth).
 12207 | Lair:1   | 12207 ||| Stepping ~*~*~tactically~*~*~ (stealth).
 12212 | Lair:1   | 12212 ||| INVOKING Heroism.
 12214 | Lair:1   | Reached XP level 12. HP: 76/76 MP: 15/18
 12227 | Lair:1   | Reached skill level 6 in Shields
 12227 | Lair:1   | Reached skill level 9 in Invocations
 12259 | Lair:1   | Received a gift from Okawaru
 12262 | Lair:1   | 12262 ||| INVOKING Heroism.
 12267 | Lair:1   | 12267 ||| Stepping ~*~*~tactically~*~*~ (stealth).
 12268 | Lair:1   | 12268 ||| Stepping ~*~*~tactically~*~*~ (stealth).
 12269 | Lair:1   | 12269 ||| Stepping ~*~*~tactically~*~*~ (stealth).
 12361 | Lair:1   | 12361 ||| Stepping ~*~*~tactically~*~*~ (stealth).
 12365 | Lair:1   | 12365 ||| INVOKING Heroism.
 12883 | Lair:1   | 12883 ||| READING scroll labelled ZYONYNEIDUY.
 12884 | Lair:1   | 12884 ||| READING 3 scrolls of identify.
 12884 | Lair:1   | 12884 ||| IDENTIFYING fizzy purple potion
 12885 | Lair:1   | 12885 ||| READING 2 scrolls of identify.
 12885 | Lair:1   | 12885 ||| IDENTIFYING grey potion
 12886 | Lair:1   | 12886 ||| DROPPING potion of ambrosia.
 12939 | Lair:2   | Noticed a catoblepas
 12940 | Lair:2   | 12940 ||| INVOKING Heroism.
 12941 | Lair:2   | 12941 ||| INVOKING Finesse.
 12950 | Lair:2   | Killed a catoblepas
 13015 | Lair:2   | 13015 ||| INVOKING Heroism.
 13047 | Lair:2   | 13047 ||| INVOKING Heroism.
 13077 | Lair:2   | 13077 ||| Stepping ~*~*~tactically~*~*~ (stealth).
 13079 | Lair:2   | 13079 ||| INVOKING Heroism.
 13092 | Lair:2   | Reached skill level 9 in Shields
 13394 | Lair:2   | 13394 ||| INVOKING Heroism.
 13497 | Lair:2   | Identified the +5 flail "Mypall" {speed, Contam Will- Int+6
                  | Stlth+}
 13499 | Lair:2   | 13499 ||| DROPPING +1 vorpal flail.
 13578 | Lair:2   | 13578 ||| INVOKING Heroism.
 13823 | Lair:2   | 13823 ||| READING 4 scrolls of identify.
 13823 | Lair:2   | 13823 ||| IDENTIFYING fuming amethyst potion
 13866 | Lair:3   | 13866 ||| INVOKING Heroism.
 13869 | Lair:3   | 13869 ||| STAIRDANCE
 13881 | Lair:3   | 13881 ||| STAIRDANCE
 13890 | Lair:2   | Reached skill level 12 in Axes
 13915 | Lair:3   | 13915 ||| STAIRDANCE
 13923 | Lair:3   | 13923 ||| STAIRDANCE
 13931 | Lair:2   | Reached XP level 13. HP: 75/80 MP: 20/20
 13949 | Lair:3   | 13949 ||| INVOKING Heroism.
 14041 | Lair:3   | 14041 ||| INVOKING Heroism.
 14044 | Lair:3   | Reached skill level 9 in Armour
 14048 | Lair:3   | Reached ****** piety under Okawaru
 14050 | Lair:3   | Received a gift from Okawaru
 14124 | Lair:3   | 14124 ||| INVOKING Heroism.
 14125 | Lair:3   | 14125 ||| INVOKING Finesse.
 14127 | Lair:3   | 14127 ||| SWAPPING to +5 flail "Mypall" {speed, Contam
                  | Will- Int+6 Stlth+}.
 14135 | Lair:3   | 14135 ||| SWAPPING to +8 broad axe of Patience {pain, rN+
                  | Will+ Str+5}.
 14193 | Lair:3   | 14193 ||| Stepping ~*~*~tactically~*~*~ (hiding).
 14196 | Lair:3   | 14196 ||| Stepping ~*~*~tactically~*~*~ (hiding).
 14209 | Lair:3   | 14209 ||| INVOKING Heroism.
 14241 | Lair:3   | 14241 ||| Stepping ~*~*~tactically~*~*~ (stealth).
 14254 | Lair:3   | 14254 ||| Stepping ~*~*~tactically~*~*~ (stealth).
 14260 | Lair:3   | 14260 ||| Stepping ~*~*~tactically~*~*~ (stealth).
 14279 | Lair:3   | 14279 ||| Stepping ~*~*~tactically~*~*~ (stealth).
 14279 | Lair:3   | Found a staircase to the Snake Pit.
 14281 | Lair:3   | 14281 ||| Stepping ~*~*~tactically~*~*~ (stealth).
 14282 | Lair:3   | 14282 ||| Stepping ~*~*~tactically~*~*~ (stealth).
 14287 | Lair:3   | 14287 ||| INVOKING Heroism.
 14298 | Lair:3   | Received a gift from Okawaru
 14390 | Lair:3   | Found a staircase to the Shoals.
 14394 | Lair:3   | 14394 ||| INVOKING Heroism.
 14424 | Lair:3   | 14424 ||| INVOKING Finesse.
 14427 | Lair:3   | 14427 ||| SWAPPING to +5 flail "Mypall" {speed, Contam
                  | Will- Int+6 Stlth+}.
 14433 | Lair:3   | 14433 ||| SWAPPING to +8 broad axe of Patience {pain, rN+
                  | Will+ Str+5}.
 14445 | Lair:3   | Gained mutation: Armour fits poorly on your strangely
                  | shaped body. [mutagenic glow]
 14540 | Lair:3   | Identified the +10 short sword "Bung" {drain, Fly rF- rN++}
 14593 | Lair:3   | 14593 ||| Stepping ~*~*~tactically~*~*~ (stealth).
 14596 | Lair:3   | 14596 ||| Stepping ~*~*~tactically~*~*~ (stealth).
 14610 | Lair:3   | 14610 ||| INVOKING Heroism.
 14618 | Lair:3   | 14618 ||| Stepping ~*~*~tactically~*~*~ (stealth).
 14858 | Lair:3   | 14858 ||| UPGRADING to +2 plate armour of willpower.
 14868 | Lair:3   | 14868 ||| DROPPING +0 plate armour.
 14902 | Lair:4   | 14902 ||| INVOKING Heroism.
 14903 | Lair:4   | 14903 ||| INVOKING Finesse.
 14905 | Lair:4   | 14905 ||| SWAPPING to +5 flail "Mypall" {speed, Contam
                  | Will- Int+6 Stlth+}.
 14914 | Lair:4   | 14914 ||| SWAPPING to +8 broad axe of Patience {pain, rN+
                  | Will+ Str+5}.
 15045 | Lair:4   | 15045 ||| Stepping ~*~*~tactically~*~*~ (stealth).
 15046 | Lair:4   | 15046 ||| Stepping ~*~*~tactically~*~*~ (stealth).
 15047 | Lair:4   | 15047 ||| INVOKING Heroism.
 15048 | Lair:4   | 15048 ||| INVOKING Finesse.
 15169 | Lair:4   | 15169 ||| INVOKING Heroism.
 15174 | Lair:4   | 15174 ||| Stepping ~*~*~tactically~*~*~ (stealth).
 15176 | Lair:4   | 15176 ||| Stepping ~*~*~tactically~*~*~ (stealth).
 15344 | Lair:4   | 15344 ||| INVOKING Heroism.
 15345 | Lair:4   | 15345 ||| Stepping ~*~*~tactically~*~*~ (cloud).
 15394 | Lair:4   | 15394 ||| Stepping ~*~*~tactically~*~*~ (stealth).
 15396 | Lair:4   | 15396 ||| Stepping ~*~*~tactically~*~*~ (stealth).
 15397 | Lair:4   | 15397 ||| Stepping ~*~*~tactically~*~*~ (stealth).
 15398 | Lair:4   | 15398 ||| INVOKING Heroism.
 15556 | Lair:4   | 15556 ||| Stepping ~*~*~tactically~*~*~ (stealth).
 15558 | Lair:4   | 15558 ||| Stepping ~*~*~tactically~*~*~ (hiding).
 15630 | Lair:4   | 15630 ||| UPGRADING to +1 pair of boots.
 15640 | Lair:4   | 15640 ||| DROPPING +0 pair of boots.
 15641 | Lair:4   | 15641 ||| READING scroll labelled MONICRAUFO.
 15662 | Lair:5   | Entered Level 5 of the Lair of Beasts
 15663 | Lair:5   | 15663 ||| INVOKING Heroism.
 15665 | Lair:5   | 15665 ||| STAIRDANCE
 15678 | Lair:5   | 15678 ||| STAIRDANCE
 15778 | Lair:5   | 15778 ||| STAIRDANCE
 15813 | Lair:5   | 15813 ||| STAIRDANCE
 15815 | Lair:4   | 15815 ||| INVOKING Heroism.
 15950 | Lair:5   | 15950 ||| STAIRDANCE
 15952 | Lair:4   | 15952 ||| INVOKING Heroism.
 16085 | Lair:5   | 16085 ||| INVOKING Heroism.
 16099 | Lair:5   | Identified the +1 ring mail of the Shrinking Gods {rF++
                  | Dex-4}
 16115 | Lair:5   | 16115 ||| Stepping ~*~*~tactically~*~*~ (stealth).
 16121 | Lair:5   | Gained mutation: Your large and strong wings let you fly.
                  | [Gargoyle growth]
 16121 | Lair:5   | Reached XP level 14. HP: 85/88 MP: 21/21
 16131 | Lair:5   | 16131 ||| Stepping ~*~*~tactically~*~*~ (hiding).
 16138 | Lair:5   | 16138 ||| INVOKING Heroism.
 16141 | Lair:5   | 16141 ||| Stepping ~*~*~tactically~*~*~ (stealth).
 16157 | Lair:5   | 16157 ||| Stepping ~*~*~tactically~*~*~ (stealth).
 16167 | Lair:5   | Identified the +3 scale mail of qw's Prudence {rPois rF+
                  | Str+3 Slay+3} (Okawaru gifted it to you on level 5 of the
                  | Lair of Beasts)
 16167 | Lair:5   | Received a gift from Okawaru
 16171 | Lair:5   | 16171 ||| INVOKING Heroism.
 16209 | Lair:5   | 16209 ||| Stepping ~*~*~tactically~*~*~ (stealth).
 16210 | Lair:5   | 16210 ||| Stepping ~*~*~tactically~*~*~ (stealth).
 16214 | Lair:5   | 16214 ||| Stepping ~*~*~tactically~*~*~ (stealth).
 16215 | Lair:5   | 16215 ||| Stepping ~*~*~tactically~*~*~ (stealth).
 16218 | Lair:5   | 16218 ||| FLEEEEING.
 16219 | Lair:5   | 16219 ||| FLEEEEING.
 16220 | Lair:5   | 16220 ||| FLEEEEING.
 16222 | Lair:5   | 16222 ||| FLEEEEING.
 16223 | Lair:5   | 16223 ||| FLEEEEING.
 16224 | Lair:5   | 16224 ||| FLEEEEING.
 16225 | Lair:5   | 16225 ||| FLEEEEING.
 16226 | Lair:5   | 16226 ||| STAIRDANCE
 16277 | Lair:5   | Found a runed translucent door.
 16278 | Lair:5   | Noticed an azure jelly
 16280 | Lair:5   | Found a viscous altar of Jiyva.
 16280 | Lair:5   | Noticed an azure jelly
 16285 | Lair:5   | Found a staircase to the Slime Pits.
 16312 | Lair:5   | 16312 ||| Stepping ~*~*~tactically~*~*~ (stealth).
 16314 | Lair:5   | 16314 ||| Stepping ~*~*~tactically~*~*~ (stealth).
 16317 | Lair:5   | 16317 ||| INVOKING Heroism.
 16318 | Lair:5   | 16318 ||| INVOKING Finesse.
 16319 | Lair:5   | 16319 ||| Stepping ~*~*~tactically~*~*~ (stealth).
 16331 | Lair:5   | 16331 ||| SWAPPING to +5 flail "Mypall" {speed, Contam
                  | Will- Int+6 Stlth+}.
 16334 | Lair:5   | 16334 ||| SWAPPING to +8 broad axe of Patience {pain, rN+
                  | Will+ Str+5}.
 16336 | Lair:5   | 16336 ||| SWAPPING to +5 flail "Mypall" {speed, Contam
                  | Will- Int+6 Stlth+}.
 16339 | Lair:5   | 16339 ||| SWAPPING to +8 broad axe of Patience {pain, rN+
                  | Will+ Str+5}.
 16343 | Lair:5   | 16343 ||| SWAPPING to +5 flail "Mypall" {speed, Contam
                  | Will- Int+6 Stlth+}.
 16353 | Lair:5   | 16353 ||| Stepping ~*~*~tactically~*~*~ (outnumbered).
 16354 | Lair:5   | 16354 ||| Stepping ~*~*~tactically~*~*~ (outnumbered).
 16355 | Lair:5   | 16355 ||| Stepping ~*~*~tactically~*~*~ (outnumbered).
 16359 | Lair:5   | 16359 ||| Stepping ~*~*~tactically~*~*~ (outnumbered).
 16359 | Lair:5   | Gained mutation: Your magical capacity is low. (-10% MP)
                  | [mutagenic glow]
 16360 | Lair:5   | 16360 ||| Stepping ~*~*~tactically~*~*~ (outnumbered).
 16379 | Lair:5   | 16379 ||| SWAPPING to +8 broad axe of Patience {pain, rN+
                  | Will+ Str+5}.
 16395 | Lair:5   | Gained mutation: You occasionally shout uncontrollably at
                  | your foes. [mutagenic glow]
 16411 | Lair:5   | Gained mutation: You occasionally lose the ability to drink
                  | potions when taking damage. [mutagenic glow]
 16446 | Lair:5   | Gained mutation: Your magical capacity is very low. (-20%
                  | MP) [mutagenic glow]
 16536 | Lair:5   | 16536 ||| Stepping ~*~*~tactically~*~*~ (stealth).
 16546 | Lair:5   | 16546 ||| Stepping ~*~*~tactically~*~*~ (stealth).
 16548 | Lair:5   | 16548 ||| Stepping ~*~*~tactically~*~*~ (stealth).
 16599 | Lair:5   | 16599 ||| Stepping ~*~*~tactically~*~*~ (hiding).
 16609 | Lair:5   | 16609 ||| FLEEEEING.
 16610 | Lair:5   | 16610 ||| FLEEEEING.
 16611 | Lair:5   | 16611 ||| FLEEEEING.
 16612 | Lair:5   | 16612 ||| FLEEEEING.
 16613 | Lair:5   | 16613 ||| FLEEEEING.
 16614 | Lair:5   | 16614 ||| FLEEEEING.
 16615 | Lair:5   | 16615 ||| FLEEEEING.
 16616 | Lair:5   | 16616 ||| FLEEEEING.
 16618 | Lair:5   | 16618 ||| FLEEEEING.
 16619 | Lair:5   | 16619 ||| FLEEEEING.
 16620 | Lair:5   | 16620 ||| FLEEEEING.
 16621 | Lair:5   | 16621 ||| FLEEEEING.
 16622 | Lair:5   | 16622 ||| FLEEEEING.
 16623 | Lair:5   | 16623 ||| FLEEEEING.
 16624 | Lair:5   | 16624 ||| FLEEEEING.
 16626 | Lair:5   | 16626 ||| FLEEEEING.
 16627 | Lair:5   | 16627 ||| FLEEEEING.
 16628 | Lair:5   | 16628 ||| FLEEEEING.
 16629 | Lair:5   | 16629 ||| FLEEEEING.
 16630 | Lair:5   | 16630 ||| FLEEEEING.
 16631 | Lair:5   | 16631 ||| FLEEEEING.
 16632 | Lair:5   | 16632 ||| FLEEEEING.
 16633 | Lair:5   | 16633 ||| FLEEEEING.
 16634 | Lair:5   | 16634 ||| FLEEEEING.
 16635 | Lair:5   | 16635 ||| FLEEEEING.
 16636 | Lair:5   | 16636 ||| STAIRDANCE
 16640 | Lair:5   | 16640 ||| INVOKING Heroism.
 16672 | Lair:5   | 16672 ||| INVOKING Finesse.
 16680 | Lair:5   | 16680 ||| Stepping ~*~*~tactically~*~*~ (stealth).
 16688 | Lair:5   | 16688 ||| INVOKING Heroism.
 16821 | Lair:5   | 16821 ||| Stepping ~*~*~tactically~*~*~ (hiding).
 16822 | Lair:5   | 16822 ||| Stepping ~*~*~tactically~*~*~ (hiding).
 16825 | Lair:5   | Reached skill level 12 in Shields
 16826 | Lair:5   | 16826 ||| Stepping ~*~*~tactically~*~*~ (stealth).
 16827 | Lair:5   | 16827 ||| Stepping ~*~*~tactically~*~*~ (stealth).
 16867 | Lair:5   | 16867 ||| Stepping ~*~*~tactically~*~*~ (stealth).
 16868 | Lair:5   | 16868 ||| Stepping ~*~*~tactically~*~*~ (stealth).
 17023 | Lair:5   | 17023 ||| Stepping ~*~*~tactically~*~*~ (stealth).
 17043 | Lair:5   | 17043 ||| INVOKING Heroism.
 17051 | Lair:5   | 17051 ||| Stepping ~*~*~tactically~*~*~ (stealth).
 17054 | Lair:5   | 17054 ||| Stepping ~*~*~tactically~*~*~ (stealth).
 17058 | Lair:5   | 17058 ||| Stepping ~*~*~tactically~*~*~ (stealth).
 17077 | Lair:5   | 17077 ||| Stepping ~*~*~tactically~*~*~ (stealth).
 17078 | Lair:5   | 17078 ||| Stepping ~*~*~tactically~*~*~ (hiding).
 17084 | Lair:5   | 17084 ||| Stepping ~*~*~tactically~*~*~ (hiding).
 17105 | Lair:5   | 17105 ||| Stepping ~*~*~tactically~*~*~ (stealth).
 17152 | Lair:5   | 17152 ||| Stepping ~*~*~tactically~*~*~ (stealth).
 17155 | Lair:5   | 17155 ||| Stepping ~*~*~tactically~*~*~ (stealth).
 17157 | Lair:5   | 17157 ||| Stepping ~*~*~tactically~*~*~ (stealth).
 17159 | Lair:5   | 17159 ||| Stepping ~*~*~tactically~*~*~ (hiding).
 17172 | Lair:5   | 17172 ||| Stepping ~*~*~tactically~*~*~ (stealth).
 17174 | Lair:5   | 17174 ||| Stepping ~*~*~tactically~*~*~ (stealth).
 17176 | Lair:5   | 17176 ||| Stepping ~*~*~tactically~*~*~ (hiding).
 17179 | Lair:5   | 17179 ||| INVOKING Heroism.
 17269 | Lair:5   | 17269 ||| INVOKING Heroism.
 17270 | Lair:5   | 17270 ||| Stepping ~*~*~tactically~*~*~ (hiding).
 17273 | Lair:5   | 17273 ||| INVOKING Finesse.
 17307 | Lair:5   | 17307 ||| Stepping ~*~*~tactically~*~*~ (hiding).
 17335 | Lair:5   | 17335 ||| Stepping ~*~*~tactically~*~*~ (stealth).
 17347 | Lair:5   | 17347 ||| Stepping ~*~*~tactically~*~*~ (stealth).
 17406 | Lair:5   | 17406 ||| Stepping ~*~*~tactically~*~*~ (stealth).
 17408 | Lair:5   | 17408 ||| Stepping ~*~*~tactically~*~*~ (hiding).
 17442 | Lair:5   | 17442 ||| Stepping ~*~*~tactically~*~*~ (hiding).
 17446 | Lair:5   | 17446 ||| Stepping ~*~*~tactically~*~*~ (hiding).
 17663 | Lair:5   | 17663 ||| INVOKING Heroism.
 17664 | Lair:5   | 17664 ||| INVOKING Finesse.
 17671 | Lair:5   | Reached skill level 15 in Axes
 17774 | Lair:5   | 17774 ||| Stepping ~*~*~tactically~*~*~ (hiding).
 17775 | Lair:5   | 17775 ||| INVOKING Heroism.
 17776 | Lair:5   | 17776 ||| INVOKING Finesse.
 17778 | Lair:5   | 17778 ||| SWAPPING to +5 flail "Mypall" {speed, Contam
                  | Will- Int+6 Stlth+}.
 17799 | Lair:5   | Received a gift from Okawaru
 17800 | Lair:5   | 17800 ||| SWAPPING to +8 broad axe of Patience {pain, rN+
                  | Will+ Str+5}.
 17814 | Lair:5   | Gained mutation: You are partially covered in large bone
                  | plates. (SH +4) [mutagenic glow]
 17878 | Lair:5   | 17878 ||| PLANNING D:1-11
 17878 | Lair:5   | 17878 ||| READING 6 scrolls of identify.
 17878 | Lair:5   | 17878 ||| IDENTIFYING fuming blue potion
 17879 | Lair:5   | 17879 ||| DROPPING potion of berserk rage.
 18018 | D:11     | 18018 ||| Stepping ~*~*~tactically~*~*~ (hiding).
 18044 | D:11     | 18044 ||| Stepping ~*~*~tactically~*~*~ (hiding).
 18079 | D:11     | 18079 ||| Stepping ~*~*~tactically~*~*~ (stealth).
 18116 | D:11     | 18116 ||| INVOKING Heroism.
 18117 | D:11     | 18117 ||| INVOKING Finesse.
 18367 | D:11     | 18367 ||| INVOKING Heroism.
 18368 | D:11     | 18368 ||| INVOKING Finesse.
 18373 | D:11     | Noticed Fannar
 18377 | D:11     | Reached XP level 15. HP: 85/95 MP: 11/18
 18384 | D:11     | Killed Fannar
 18414 | D:11     | 18414 ||| FLEEEEING.
 18415 | D:11     | 18415 ||| FLEEEEING.
 18463 | D:11     | 18463 ||| DRINKING potion of mutation.
 18463 | D:11     | Lost mutation: You are partially covered in large bone
                  | plates. (SH +4) [potion of mutation]
 18463 | D:11     | Lost mutation: You have very sharp teeth. [potion of
                  | mutation]
 18463 | D:11     | Gained mutation: Your magical capacity is extremely low.
                  | (-30% MP) [potion of mutation]
 18463 | D:11     | Gained mutation: You passively map a small area around you.
                  | [potion of mutation]
 18463 | D:11     | Gained mutation: Your flesh is cold resistant. (rC+)
                  | [potion of mutation]
 18488 | D:11     | 18488 ||| READING scroll of enchant armour.
 18488 | D:11     | 18488 ||| ENCHANTING +1 pair of boots.
 18611 | D:11     | 18611 ||| PLANNING D
 18611 | D:11     | 18611 ||| UPGRADING to ring of see invisible.
 18613 | D:11     | 18613 ||| DROPPING +6 ring of intelligence.
 18614 | D:11     | 18614 ||| UPGRADING to +6 ring of strength.
 18712 | D:12     | Reached skill level 12 in Fighting
 18817 | D:12     | 18817 ||| Stepping ~*~*~tactically~*~*~ (hiding).
 18825 | D:12     | 18825 ||| Stepping ~*~*~tactically~*~*~ (hiding).
 18832 | D:12     | 18832 ||| Stepping ~*~*~tactically~*~*~ (hiding).
 18946 | D:12     | Found a staircase to the Orcish Mines.
 18947 | D:12     | 18947 ||| INVOKING Heroism.
 18949 | D:12     | 18949 ||| Stepping ~*~*~tactically~*~*~ (hiding).
 18964 | D:12     | 18964 ||| Stepping ~*~*~tactically~*~*~ (stealth).
 19037 | D:12     | 19037 ||| DRINKING potion of mutation.
 19037 | D:12     | Lost mutation: You occasionally lose the ability to drink
                  | potions when taking damage. [potion of mutation]
 19037 | D:12     | Lost mutation: Your magical capacity is extremely low.
                  | (-30% MP) [potion of mutation]
 19037 | D:12     | Gained mutation: You sometimes lose your temper in combat.
                  | [potion of mutation]
 19037 | D:12     | Lost mutation: You sometimes lose your temper in combat.
                  | [potion of mutation]
 19037 | D:12     | Lost mutation: Armour fits poorly on your strangely shaped
                  | body. [potion of mutation]
 19037 | D:12     | Gained mutation: You passively dampen the noise of your
                  | surroundings. [potion of mutation]
 19077 | D:12     | Noticed Nessos
 19078 | D:12     | 19078 ||| INVOKING Finesse.
 19087 | D:12     | Killed Nessos
 19243 | D:12     | Received a gift from Okawaru
 19424 | D:12     | Noticed Rupert
 19425 | D:12     | 19425 ||| INVOKING Heroism.
 19426 | D:12     | 19426 ||| INVOKING Finesse.
 19433 | D:12     | Killed Rupert
 19906 | D:12     | 19906 ||| UPGRADING to +0 cloak.
 19981 | D:13     | 19981 ||| Stepping ~*~*~tactically~*~*~ (hiding).
 19988 | D:13     | Identified the +3 ring mail of Insurance {rPois Slay+2}
                  | (Okawaru gifted it to you on level 13 of the Dungeon)
 19988 | D:13     | Received a gift from Okawaru
 20256 | D:13     | 20256 ||| INVOKING Heroism.
 20290 | D:13     | 20290 ||| READING scroll of acquirement.
 20290 | D:13     | 20290 ||| ACQUIRING +0 tower shield of the Thunderstorm
                  | {rF+ Will++}
 20290 | D:13     | Acquired the +0 tower shield of the Thunderstorm {rF+
                  | Will++}
 20292 | D:13     | 20292 ||| UPGRADING to +0 tower shield of the Thunderstorm
                  | {rF+ Will++}.
 20302 | D:13     | 20302 ||| DROPPING +0 kite shield.
 20722 | D:13     | Found a gate to the Vaults.
 20995 | D:14     | 20995 ||| INVOKING Heroism.
 20996 | D:14     | 20996 ||| INVOKING Finesse.
 21001 | D:14     | 21001 ||| SWAPPING to +5 flail "Mypall" {speed, Contam
                  | Will- Int+6 Stlth+}.
 21007 | D:14     | 21007 ||| SWAPPING to +8 broad axe of Patience {pain, rN+
                  | Will+ Str+5}.
 21009 | D:14     | 21009 ||| Stepping ~*~*~tactically~*~*~ (stealth).
 21013 | D:14     | Gained mutation: Your body sometimes deteriorates upon
                  | taking damage. [mutagenic glow]
 21161 | D:14     | 21161 ||| Stepping ~*~*~tactically~*~*~ (stealth).
 21168 | D:14     | 21168 ||| INVOKING Heroism.
 21198 | D:14     | 21198 ||| Stepping ~*~*~tactically~*~*~ (stealth).
 21199 | D:14     | 21199 ||| Stepping ~*~*~tactically~*~*~ (stealth).
 21215 | D:14     | 21215 ||| Stepping ~*~*~tactically~*~*~ (stealth).
 21218 | D:14     | 21218 ||| Stepping ~*~*~tactically~*~*~ (hiding).
 21350 | D:14     | Identified the +3 bardiche of Departure {drain, rElec rN+
                  | Int+4}
 21390 | D:14     | 21390 ||| Stepping ~*~*~tactically~*~*~ (hiding).
 21393 | D:14     | 21393 ||| INVOKING Heroism.
 21487 | D:14     | 21487 ||| Stepping ~*~*~tactically~*~*~ (hiding).
 21495 | D:14     | 21495 ||| INVOKING Heroism.
 21496 | D:14     | 21496 ||| SWAPPING to +5 flail "Mypall" {speed, Contam
                  | Will- Int+6 Stlth+}.
 21497 | D:14     | 21497 ||| INVOKING Finesse.
 21498 | D:14     | 21498 ||| SWAPPING to +8 broad axe of Patience {pain, rN+
                  | Will+ Str+5}.
 21506 | D:14     | 21506 ||| SWAPPING to +5 flail "Mypall" {speed, Contam
                  | Will- Int+6 Stlth+}.
 21510 | D:14     | 21510 ||| SWAPPING to +8 broad axe of Patience {pain, rN+
                  | Will+ Str+5}.
 21511 | D:14     | Gained mutation: You occasionally lose the ability to drink
                  | potions when taking damage. [mutagenic glow]
 21579 | D:14     | 21579 ||| Stepping ~*~*~tactically~*~*~ (hiding).
 21580 | D:14     | 21580 ||| Stepping ~*~*~tactically~*~*~ (hiding).
 21589 | D:14     | Received a gift from Okawaru
 21820 | D:14     | Found an iron altar of Okawaru.
 21838 | D:14     | 21838 ||| Stepping ~*~*~tactically~*~*~ (hiding).
 21839 | D:14     | 21839 ||| Stepping ~*~*~tactically~*~*~ (hiding).
 22208 | D:15     | Entered Level 15 of the Dungeon
 22225 | D:15     | 22225 ||| Stepping ~*~*~tactically~*~*~ (hiding).
 22227 | D:15     | 22227 ||| Stepping ~*~*~tactically~*~*~ (hiding).
 22232 | D:15     | 22232 ||| INVOKING Heroism.
 22254 | D:15     | 22254 ||| INVOKING Heroism.
 22540 | D:15     | Reached XP level 16. HP: 89/101 MP: 18/18
 22555 | D:15     | Reached skill level 15 in Shields
 22612 | D:15     | Found Azokyf Xepn's Magic Scroll Boutique.
 22755 | D:15     | 22755 ||| BUYING scroll of teleportation (33 gold).
 22755 | D:15     | Bought a scroll of teleportation for 33 gold pieces
 22755 | D:15     | 22755 ||| BUYING scroll of teleportation (33 gold).
 22755 | D:15     | Bought a scroll of teleportation for 33 gold pieces
 22774 | D:15     | 22774 ||| FLEEEEING.
 22833 | D:15     | 22833 ||| Stepping ~*~*~tactically~*~*~ (stealth).
 22945 | D:15     | 22945 ||| Stepping ~*~*~tactically~*~*~ (hiding).
 22963 | D:15     | Found a staircase to the Depths.
 22964 | D:15     | 22964 ||| INVOKING Heroism.
 22965 | D:15     | 22965 ||| INVOKING Finesse.
 23155 | D:15     | 23155 ||| PLANNING ORC
 23155 | D:15     | 23155 ||| UPGRADING to +4 ring of slaying {mikee}.
 23157 | D:15     | 23157 ||| DROPPING +6 ring of dexterity.
 23284 | Orc:1    | Entered Level 1 of the Orcish Mines
 23418 | Orc:1    | 23418 ||| Stepping ~*~*~tactically~*~*~ (stealth).
 23419 | Orc:1    | 23419 ||| Stepping ~*~*~tactically~*~*~ (stealth).
 23424 | Orc:1    | 23424 ||| INVOKING Heroism.
 23663 | Orc:2    | Entered Level 2 of the Orcish Mines
 23664 | Orc:2    | 23664 ||| INVOKING Heroism.
 23713 | Orc:2    | 23713 ||| Stepping ~*~*~tactically~*~*~ (stealth).
 23722 | Orc:2    | 23722 ||| Stepping ~*~*~tactically~*~*~ (stealth).
 23749 | Orc:2    | 23749 ||| Stepping ~*~*~tactically~*~*~ (hiding).
 23803 | Orc:2    | 23803 ||| Stepping ~*~*~tactically~*~*~ (stealth).
 23806 | Orc:2    | 23806 ||| Stepping ~*~*~tactically~*~*~ (hiding).
 23821 | Orc:2    | 23821 ||| Stepping ~*~*~tactically~*~*~ (stealth).
 23823 | Orc:2    | 23823 ||| Stepping ~*~*~tactically~*~*~ (hiding).
 23829 | Orc:2    | 23829 ||| Stepping ~*~*~tactically~*~*~ (hiding).
 23956 | Orc:2    | 23956 ||| Stepping ~*~*~tactically~*~*~ (stealth).
 23957 | Orc:2    | 23957 ||| Stepping ~*~*~tactically~*~*~ (stealth).
 24001 | Orc:2    | 24001 ||| INVOKING Heroism.
 24023 | Orc:2    | Found a staircase to the Elven Halls.
 24026 | Orc:2    | 24026 ||| Stepping ~*~*~tactically~*~*~ (stealth).
 24028 | Orc:2    | 24028 ||| Stepping ~*~*~tactically~*~*~ (hiding).
 24159 | Orc:2    | 24159 ||| Stepping ~*~*~tactically~*~*~ (hiding).
 24160 | Orc:2    | 24160 ||| Stepping ~*~*~tactically~*~*~ (hiding).
 24210 | Orc:2    | 24210 ||| Stepping ~*~*~tactically~*~*~ (stealth).
 24212 | Orc:2    | 24212 ||| Stepping ~*~*~tactically~*~*~ (stealth).
 24217 | Orc:2    | Received a gift from Okawaru
 24220 | Orc:2    | 24220 ||| Stepping ~*~*~tactically~*~*~ (stealth).
 24228 | Orc:2    | 24228 ||| Stepping ~*~*~tactically~*~*~ (stealth).
 24309 | Orc:2    | 24309 ||| INVOKING Heroism.
 24328 | Orc:2    | 24328 ||| INVOKING Finesse.
 24354 | Orc:2    | Received a gift from Okawaru
 24426 | Orc:2    | Found Geriner's Antique Weapon Shoppe.
 24430 | Orc:2    | Found Yproif's Antique Armour Emporium.
 24451 | Orc:2    | 24451 ||| INVOKING Heroism.
 24502 | Orc:2    | 24502 ||| INVOKING Heroism.
 24541 | Orc:2    | Found Wiquc's Armour Emporium.
 24555 | Orc:2    | 24555 ||| BUYING +2 chain mail of cold resistance (301
                  | gold).
 24555 | Orc:2    | Bought a +2 chain mail of cold resistance for 301 gold
                  | pieces
 24561 | Orc:2    | 24561 ||| DROPPING +0 chain mail of cold resistance.
 24564 | Orc:2    | 24564 ||| INVOKING Heroism.
 24582 | Orc:2    | 24582 ||| Stepping ~*~*~tactically~*~*~ (stealth).
 24647 | Orc:2    | 24647 ||| Stepping ~*~*~tactically~*~*~ (hiding).
 24661 | Orc:2    | Found Losomeza's General Store.
 24666 | Orc:2    | 24666 ||| BUYING potion of heal wounds (65 gold).
 24666 | Orc:2    | Bought a potion of heal wounds for 65 gold pieces
 24722 | Orc:2    | 24722 ||| INVOKING Heroism.
 24740 | Orc:2    | Found Waume's Distillery.
 24748 | Orc:2    | 24748 ||| BUYING 2 potions of attraction (84 gold).
 24748 | Orc:2    | Bought 2 potions of attraction for 84 gold pieces
 24748 | Orc:2    | 24748 ||| BUYING potion of attraction (42 gold).
 24748 | Orc:2    | Bought a potion of attraction for 42 gold pieces
 24748 | Orc:2    | 24748 ||| BUYING potion of curing (42 gold).
 24748 | Orc:2    | Bought a potion of curing for 42 gold pieces
 24748 | Orc:2    | 24748 ||| BUYING potion of curing (42 gold).
 24748 | Orc:2    | Bought a potion of curing for 42 gold pieces
 24748 | Orc:2    | 24748 ||| BUYING potion of heal wounds (70 gold).
 24748 | Orc:2    | Bought a potion of heal wounds for 70 gold pieces
 24802 | Orc:2    | 24802 ||| Stepping ~*~*~tactically~*~*~ (stealth).
 24925 | Orc:2    | 24925 ||| PLANNING SNAKE:1-3
 25145 | Snake:1  | Entered Level 1 of the Snake Pit
 25163 | Snake:1  | 25163 ||| INVOKING Heroism.
 25312 | Snake:1  | 25312 ||| INVOKING Heroism.
 25314 | Snake:1  | 25314 ||| Stepping ~*~*~tactically~*~*~ (hiding).
 25316 | Snake:1  | 25316 ||| Stepping ~*~*~tactically~*~*~ (hiding).
 25318 | Snake:1  | 25318 ||| Stepping ~*~*~tactically~*~*~ (hiding).
 25632 | Snake:1  | 25632 ||| Stepping ~*~*~tactically~*~*~ (hiding).
 25635 | Snake:1  | 25635 ||| Stepping ~*~*~tactically~*~*~ (hiding).
 25686 | Snake:1  | 25686 ||| INVOKING Heroism.
 25698 | Snake:1  | HP: 15/101 [naga/+0 halberd (27)]
 25699 | Snake:1  | 25699 ||| READING 14 scrolls of teleportation.
 25700 | Snake:1  | 25700 ||| DRINKING 12 potions of heal wounds.
 25701 | Snake:1  | 25701 ||| DRINKING 11 potions of heal wounds.
 25885 | Snake:1  | 25885 ||| DRINKING potion of mutation.
 25885 | Snake:1  | Lost mutation: Your flesh is cold resistant. (rC+) [potion
                  | of mutation]
 25885 | Snake:1  | Lost mutation: Your body sometimes deteriorates upon taking
                  | damage. [potion of mutation]
 25885 | Snake:1  | Gained mutation: Your body sometimes deteriorates upon
                  | taking damage. [potion of mutation]
 25885 | Snake:1  | Gained mutation: You are covered in fur. (AC +1) [potion of
                  | mutation]
 25959 | Snake:1  | 25959 ||| Stepping ~*~*~tactically~*~*~ (hiding).
 25960 | Snake:1  | 25960 ||| Stepping ~*~*~tactically~*~*~ (hiding).
 25964 | Snake:1  | 25964 ||| INVOKING Heroism.
 26020 | Snake:1  | Reached skill level 12 in Armour
 26134 | Snake:1  | 26134 ||| Stepping ~*~*~tactically~*~*~ (hiding).
 26171 | Snake:1  | 26171 ||| Stepping ~*~*~tactically~*~*~ (stealth).
 26173 | Snake:1  | 26173 ||| Stepping ~*~*~tactically~*~*~ (hiding).
 26200 | Snake:1  | 26200 ||| Stepping ~*~*~tactically~*~*~ (hiding).
 26438 | Snake:1  | 26438 ||| DROPPING amulet of magic regeneration.
 26439 | Snake:1  | 26439 ||| UPGRADING to amulet of reflection.
 26536 | Snake:2  | 26536 ||| Stepping ~*~*~tactically~*~*~ (hiding).
 26541 | Snake:2  | Received a gift from Okawaru
 26651 | Snake:2  | 26651 ||| INVOKING Heroism.
 26759 | Snake:2  | 26759 ||| Stepping ~*~*~tactically~*~*~ (hiding).
 26764 | Snake:2  | 26764 ||| INVOKING Heroism.
 26926 | Snake:2  | 26926 ||| INVOKING Heroism.
 26939 | Snake:2  | Received a gift from Okawaru
 27346 | Snake:3  | 27346 ||| INVOKING Heroism.
 27352 | Snake:3  | 27352 ||| Stepping ~*~*~tactically~*~*~ (hiding).
 27354 | Snake:3  | 27354 ||| Stepping ~*~*~tactically~*~*~ (hiding).
 27356 | Snake:3  | 27356 ||| Stepping ~*~*~tactically~*~*~ (hiding).
 27453 | Snake:3  | 27453 ||| Stepping ~*~*~tactically~*~*~ (hiding).
 27456 | Snake:3  | 27456 ||| Stepping ~*~*~tactically~*~*~ (hiding).
 27530 | Snake:3  | 27530 ||| Stepping ~*~*~tactically~*~*~ (hiding).
 27548 | Snake:3  | 27548 ||| INVOKING Heroism.
 27599 | Snake:3  | 27599 ||| Stepping ~*~*~tactically~*~*~ (stealth).
 27604 | Snake:3  | Reached XP level 17. HP: 105/106 MP: 19/19
 27621 | Snake:3  | 27621 ||| INVOKING Heroism.
 27844 | Snake:3  | Received a gift from Okawaru
 28018 | Snake:3  | 28018 ||| Stepping ~*~*~tactically~*~*~ (hiding).
 28023 | Snake:3  | 28023 ||| INVOKING Heroism.
 28063 | Snake:3  | 28063 ||| INVOKING Heroism.
 28078 | Snake:3  | HP: 27/108 [salamander/+2 vampiric halberd (7)]
 28079 | Snake:3  | 28079 ||| READING 14 scrolls of teleportation.
 28080 | Snake:3  | 28080 ||| DRINKING 11 potions of heal wounds.
 28085 | Snake:3  | 28085 ||| Stepping ~*~*~tactically~*~*~ (hiding).
 28086 | Snake:3  | 28086 ||| Stepping ~*~*~tactically~*~*~ (hiding).
 28291 | Snake:3  | 28291 ||| Stepping ~*~*~tactically~*~*~ (hiding).
 28296 | Snake:3  | 28296 ||| INVOKING Heroism.
 28451 | Snake:3  | 28451 ||| Stepping ~*~*~tactically~*~*~ (stealth).
 28453 | Snake:3  | 28453 ||| INVOKING Heroism.
 28477 | Snake:3  | Received a gift from Okawaru
 29014 | Snake:3  | 29014 ||| PLANNING SHOALS:1-3
 29014 | Snake:3  | 29014 ||| DROPPING +2 hat of willpower.
 29104 | Shoals:1 | Entered Level 1 of the Shoals
 29136 | Shoals:1 | Noticed a kraken
 29138 | Shoals:1 | 29138 ||| INVOKING Heroism.
 29150 | Shoals:1 | Killed a kraken
 29225 | Shoals:1 | 29225 ||| INVOKING Heroism.
 29369 | Shoals:1 | Noticed Jorgrun
 29383 | Shoals:1 | Killed Jorgrun
 29652 | Shoals:1 | 29652 ||| Stepping ~*~*~tactically~*~*~ (hiding).
 29676 | Shoals:1 | Identified the +1 chain mail of Snakes and Ladders {rN+
                  | Int+2 Stlth-}
 29744 | Shoals:1 | 29744 ||| Stepping ~*~*~tactically~*~*~ (hiding).
 29745 | Shoals:1 | 29745 ||| INVOKING Heroism.
 29746 | Shoals:1 | 29746 ||| INVOKING Finesse.
 29813 | Shoals:1 | 29813 ||| INVOKING Heroism.
 30150 | Shoals:1 | 30150 ||| DROPPING +1 chain mail of Snakes and Ladders {rN+
                  | Int+2 Stlth-}.
 30441 | Shoals:2 | Reached skill level 6 in Throwing
 30608 | Shoals:2 | 30608 ||| INVOKING Heroism.
 30652 | Shoals:2 | 30652 ||| INVOKING Finesse.
 30777 | Shoals:2 | 30777 ||| INVOKING Heroism.
 30778 | Shoals:2 | Noticed Ilsuiw
 30778 | Shoals:2 | 30778 ||| INVOKING Finesse.
 30793 | Shoals:2 | Killed Ilsuiw
 30962 | Shoals:2 | Noticed a kraken
 30964 | Shoals:2 | 30964 ||| INVOKING Heroism.
 30969 | Shoals:2 | Killed a kraken
 30970 | Shoals:2 | Reached XP level 18. HP: 83/114 MP: 17/20
 31049 | Shoals:2 | 31049 ||| DROPPING +5 flail "Mypall" {speed, Contam Will-
                  | Int+6 Stlth+}.
 31357 | Shoals:2 | 31357 ||| INVOKING Heroism.
 31363 | Shoals:2 | Reached skill level 18 in Axes
 31663 | Shoals:3 | 31663 ||| INVOKING Heroism.
 31664 | Shoals:3 | 31664 ||| INVOKING Finesse.
 31738 | Shoals:3 | 31738 ||| INVOKING Heroism.
 31951 | Shoals:3 | 31951 ||| INVOKING Heroism.
 32020 | Shoals:3 | 32020 ||| FLEEEEING.
 32021 | Shoals:3 | 32021 ||| FLEEEEING.
 32022 | Shoals:3 | 32022 ||| FLEEEEING.
 32023 | Shoals:3 | 32023 ||| FLEEEEING.
 32024 | Shoals:3 | 32024 ||| FLEEEEING.
 32025 | Shoals:3 | 32025 ||| FLEEEEING.
 32026 | Shoals:3 | 32026 ||| FLEEEEING.
 32027 | Shoals:3 | 32027 ||| FLEEEEING.
 32028 | Shoals:3 | 32028 ||| FLEEEEING.
 32109 | Shoals:3 | 32109 ||| FLEEEEING.
 32110 | Shoals:3 | 32110 ||| FLEEEEING.
 32117 | Shoals:3 | Noticed Polyphemus
 32118 | Shoals:3 | 32118 ||| INVOKING Heroism.
 32119 | Shoals:3 | 32119 ||| INVOKING Finesse.
 32121 | Shoals:3 | Received a gift from Okawaru
 32129 | Shoals:3 | Killed Polyphemus
 32244 | Shoals:3 | 32244 ||| Stepping ~*~*~tactically~*~*~ (hiding).
 32449 | Shoals:3 | 32449 ||| INVOKING Heroism.
 32526 | Shoals:3 | 32526 ||| INVOKING Heroism.
 32536 | Shoals:3 | Reached skill level 18 in Shields
 32536 | Shoals:3 | Received a gift from Okawaru
 33041 | Shoals:3 | 33041 ||| Stepping ~*~*~tactically~*~*~ (hiding).
 33090 | Shoals:3 | 33090 ||| PLANNING SNAKE:4
 33090 | Shoals:3 | 33090 ||| DROPPING amulet of the acrobat.
 33223 | Snake:4  | Entered Level 4 of the Snake Pit
 33246 | Snake:4  | 33246 ||| Stepping ~*~*~tactically~*~*~ (hiding).
 33250 | Snake:4  | 33250 ||| INVOKING Heroism.
 33462 | Snake:4  | Found the +3 giant club "Skullcrusher" {speed, Str+7}
 33464 | Snake:4  | 33464 ||| INVOKING Heroism.
 33484 | Snake:4  | Noticed Aizul
 33485 | Snake:4  | 33485 ||| Stepping ~*~*~tactically~*~*~ (hiding).
 33486 | Snake:4  | 33486 ||| Stepping ~*~*~tactically~*~*~ (hiding).
 33488 | Snake:4  | 33488 ||| INVOKING Heroism.
 33491 | Snake:4  | 33491 ||| INVOKING Finesse.
 33501 | Snake:4  | Killed Aizul
 33542 | Snake:4  | 33542 ||| Stepping ~*~*~tactically~*~*~ (stealth).
 33737 | Snake:4  | 33737 ||| INVOKING Heroism.
 33878 | Snake:4  | 33878 ||| Stepping ~*~*~tactically~*~*~ (hiding).
 33883 | Snake:4  | 33883 ||| INVOKING Heroism.
 33905 | Snake:4  | 33905 ||| Stepping ~*~*~tactically~*~*~ (hiding).
 33916 | Snake:4  | 33916 ||| INVOKING Heroism.
 34021 | Snake:4  | 34021 ||| INVOKING Heroism.
 34038 | Snake:4  | Received a gift from Okawaru
 34204 | Snake:4  | Noticed a quicksilver dragon
 34204 | Snake:4  | Noticed a quicksilver dragon
 34205 | Snake:4  | 34205 ||| Stepping ~*~*~tactically~*~*~ (hiding).
 34215 | Snake:4  | 34215 ||| INVOKING Heroism.
 34217 | Snake:4  | Killed a quicksilver dragon
 34219 | Snake:4  | Killed a quicksilver dragon
 34417 | Snake:4  | Got a serpentine rune of Zot
 34481 | Snake:4  | 34481 ||| Stepping ~*~*~tactically~*~*~ (hiding).
 34495 | Snake:4  | Reached skill level 15 in Fighting
 34518 | Snake:4  | 34518 ||| Stepping ~*~*~tactically~*~*~ (stealth).
 34520 | Snake:4  | 34520 ||| Stepping ~*~*~tactically~*~*~ (hiding).
 34524 | Snake:4  | 34524 ||| INVOKING Heroism.
 34716 | Snake:4  | 34716 ||| PLANNING VAULTS:1-4
 34716 | Snake:4  | 34716 ||| DROPPING +0 pair of gloves of dexterity.
 34985 | Vaults:1 | Entered Level 1 of the Vaults
 35058 | Vaults:1 | 35058 ||| INVOKING Heroism.
 35307 | Vaults:1 | 35307 ||| Stepping ~*~*~tactically~*~*~ (hiding).
 35478 | Vaults:1 | Found Izoav's General Store.
 35519 | Vaults:1 | 35519 ||| INVOKING Heroism.
 35520 | Vaults:1 | 35520 ||| INVOKING Finesse.
 35533 | Vaults:1 | Reached XP level 19. HP: 102/124 MP: 14/21
 35555 | Vaults:1 | Reached skill level 15 in Armour
 35562 | Vaults:1 | HP: 22/124 [tengu reaver/bolt of acid (11)]
 35563 | Vaults:1 | 35563 ||| READING 14 scrolls of teleportation.
 35564 | Vaults:1 | HP: 6/124 [deep troll[an ironbound preserver] (7)]
 35570 | Vaults:1 | Killed from afar by an ironbound thunderhulk

Levels and vault maps discovered:
D:1:      dpeg_arrival_circle_labyrinth_b, layout_loops_ring,
          minmay_tetromino_l2
D:2:      layout_loops_ring, minmay_misc_feat_secret_circle,
          kennysheep_jessica_study, uniq_robin
D:3:      layout_basic, serial_co_window_serial, co_window_paths_a,
          co_window_paths_a, co_window_of_opportunity_a, co_window_paths_a,
          co_window_of_opportunity_a, co_window_broadway_a, co_window_corner_cb,
          co_window_broadway_a, co_window_4corner_b, glass_columns_a,
          glass_columns_a, glass_columns_a, uniq_crazy_yiuf_cottage
D:4:      layout_basic, nicolae_wooded_promenade
D:5:      layout_rooms, minmay_temple_entry_wispy, serial_corexii_hall,
          corexii_hall_statues_x, corexii_hall_statues_x
D:6:      layout_basic, grunt_decor_mini_mirrors, uniq_sigmund
D:7:      layout_gridville, kennysheep_small_circle
D:8:      layout_basic, minmay_lindwurm_lava, uniq_pikel
D:9:      layout_basic, mainiacjoe_overflow_six_doors_small, minitemple,
          enter_bailey_4
D:10:     layout_basic, erik_lair_orcish_takeover, special_room
          [special_room_orc]
D:11:     layout_basic, serial_curves, eino_curves_02, eino_curves_03,
          kennysheep_another_room, uniq_fannar
D:12:     layout_irregular_city, kennysheep_orc_monster_closet_entryway,
          uniq_nessos, uniq_rupert
D:13:     layout_cave_pods, david_vaults_4
D:14:     minmay_the_grid_octo_2x2 [minmay_the_grid_octo_clover,
          minmay_the_grid_octo_tetromino_candy, minmay_the_grid_octo_empty,
          minmay_the_grid_octo_prize_ultimate_mussel_roller], layout_basic,
          okawaru_ov_weapons_minmay, nrook_loot_triangle
D:15:     hangedman_depths_entry_civil_slaughter, layout_rooms, serial_shops,
          nicolae_shop_statue_plus, serial_bayou, serial_bayou_shore_a,
          serial_bayou_shore_b, serial_bayou_pond_e, serial_bayou_pond_a,
          dk_noncrumbling_2
Temple:   hellmonk_temple_beads
Lair:1:   layout_loops_ring
Lair:2:   layout_regular_city, cheibrodos_lair_caveside_slide,
          nicolae_quartered_pool_super
Lair:3:   layout_roguey, shoals_dummy_entry, minmay_snake_entry_guardpost_small,
          grunt_megastairs_1, lemuel_fruit_fields
Lair:4:   layout_roguey
Lair:5:   hangedman_lair_caniforms_friends, layout_misc_corridors,
          hangedman_lair_in_review, slime_entry_2
Shoals:1: layout_shoals, uniq_jorgrun
Shoals:2: layout_shoals, nicolae_shoals_square_sea_wall, uniq_ilsuiw
Shoals:3: layout_shoals, yaktaur_hedge, uniq_polyphemus
Snake:1:  nrook_guardian_serpent_snake_passage, layout_grid_shapes,
          nicolae_triple_integral
Snake:2:  layout_grid_shapes
Snake:3:  layout_cave_town, nicolae_snake_biting_tails,
          nicolae_snake_magic_snake_eye, grunt_megastairs_5
Snake:4:  hellmonk_snake_rune_quicksilver_temple, layout_gridlike, special_room,
          uniq_aizul
Orc:1:    layout_diamond_mine
Orc:2:    grunt_orc_community_town_hall, layout_diamond_mine,
          grunt_orc_community_big_house_1, grunt_orc_community_big_house_2,
          grunt_orc_community_house_1, grunt_orc_community_house_2,
          grunt_orc_community_house_2, grunt_orc_community_house_1,
          serial_shops, nicolae_shop_waterfront
Vaults:1: st_star, hangedman_vaults_stagger, vaults_room_door_hall,
          nicolae_vaults_little_ls, ontoclasm_vaults_hangar,
          vaults_room_fancy_cross, nicolae_vaults_twisting_passages,
          vaults_mumra_lcd, dpeg_vaults_monster_box, v_misc_26,
          hangedman_vaults_trim, ontoclasm_vaults_shuriken,
          vaults_room_door_ring, layout_vaults_omnicross, serial_shops, shop,
          shop, nicolae_shop_trees

Skill      XL: |  1  2  3  4  5  6  7  8  9 10 11 12 13 14 15 16 17 18 19 |
---------------+----------------------------------------------------------+-----
Axes           | 2 3 4 5 6 7 8 9 11 12 14 15 16 17 18 | 18.0
Fighting       | 4 5 7 8 9 10 11 12 13 15 | 15.0
Dodging        | 1 3 4 |  4.1
Throwing       | 1 2 3 4 5 6 8 |  8.0
Invocations    | 4 8 10 | 10.1
Armour         | 4 7 8 9 10 11 12 13 14 15 | 15.0
Shields        | 4 5 10 11 12 14 17 18 | 18.4

Action                   |  1- 3 |  4- 6 |  7- 9 | 10-12 | 13-15 | 16-18 | 19-21 || total
-------------------------+-------+-------+-------+-------+-------+-------+-------++-------
Melee: War axe           |    90 |   147 |   234 |   222 |       |       |       ||   693
       Broad axe         |       |       |       |   164 |   696 |  1316 |    36 ||  2212
       Bite              |       |       |       |    14 |    69 |       |       ||    83
       Flail             |       |       |       |       |    75 |       |       ||    75
Throw: Boomerang         |       |     3 |    33 |    18 |    85 |    73 |       ||   212
       Javelin           |       |       |    24 |    62 |   105 |    62 |       ||   253
Invok: Heroism           |       |       |    11 |    34 |    37 |    48 |       ||   130
       Finesse           |       |       |       |     1 |    15 |     9 |       ||    25
  Use: Scroll            |     6 |     8 |     6 |    10 |     4 |     2 |     1 ||    37
       Potion            |       |     2 |     3 |     4 |     2 |     4 |       ||    15
 Stab: Distracted        |       |       |       |       |     1 |       |       ||     1
Armor: Scale mail        |    34 |    92 |       |       |       |       |       ||   126
       Chain mail        |       |       |    46 |       |       |       |       ||    46
       Plate armour      |       |       |    65 |   243 |   353 |   478 |     9 ||  1148
Dodge: Dodged            |    28 |    73 |    71 |   177 |   194 |   177 |     4 ||   724
Block: Buckler           |    21 |    23 |    49 |    59 |       |       |       ||   152
       Kite shield       |       |       |       |    93 |   306 |       |       ||   399
       Tower shield      |       |       |       |       |   168 |  1260 |    32 ||  1460
       Reflection        |       |       |       |       |       |   131 |     2 ||   133

Table legend:
 A = Non-vault XP
 B = Vault XP
 C = Vault XP percentage of total XP
 D = Non-vault monster count
 E = Vault monster count
 F = Vault count percentage of total count
                 A         B        C        D         E       F
            +---------+---------+-------+---------+---------+-------
      Total |  217604 |  107550 |  33.1 |     737 |     326 |  30.7
            +---------+---------+-------+---------+---------+-------
        D:1 |      43 |       0 |   0.0 |      24 |       0 |   0.0
        D:2 |      49 |      77 |  61.1 |      17 |      15 |  46.9
        D:3 |      53 |       0 |   0.0 |      16 |       0 |   0.0
        D:4 |     556 |       0 |   0.0 |      22 |       0 |   0.0
        D:5 |     576 |       0 |   0.0 |      16 |       0 |   0.0
        D:6 |     952 |     226 |  19.2 |      14 |       1 |   6.7
        D:7 |     991 |     126 |  11.3 |      33 |       2 |   5.7
        D:8 |    1720 |     629 |  26.8 |      18 |       1 |   5.3
        D:9 |    2339 |      11 |   0.5 |      26 |       5 |  16.1
       D:10 |    6446 |    1171 |  15.4 |      31 |      34 |  52.3
       D:11 |    4773 |     883 |  15.6 |      13 |       1 |   7.1
       D:12 |    6554 |    4778 |  42.2 |      20 |      22 |  52.4
       D:13 |    5207 |    1505 |  22.4 |      12 |       2 |  14.3
       D:14 |    9279 |    8321 |  47.3 |      19 |      14 |  42.4
       D:15 |    5802 |    4247 |  42.3 |      11 |       6 |  35.3
     Lair:1 |    5160 |       0 |   0.0 |      20 |       0 |   0.0
     Lair:2 |    9801 |       0 |   0.0 |      37 |       0 |   0.0
     Lair:3 |    8311 |     649 |   7.2 |      35 |       4 |  10.3
     Lair:4 |   11743 |       0 |   0.0 |      41 |       0 |   0.0
     Lair:5 |   13496 |   17686 |  56.7 |      29 |      74 |  71.8
   Shoals:1 |   10867 |    1923 |  15.0 |      19 |       1 |   5.0
   Shoals:2 |   19496 |    4546 |  18.9 |      36 |       6 |  14.3
   Shoals:3 |   16798 |    5932 |  26.1 |      36 |       7 |  16.3
    Snake:1 |   17748 |     882 |   4.7 |      35 |       2 |   5.4
    Snake:2 |    9931 |       0 |   0.0 |      21 |       0 |   0.0
    Snake:3 |   18395 |   18714 |  50.4 |      36 |      31 |  46.3
    Snake:4 |   15664 |   18927 |  54.7 |      34 |      22 |  39.3
      Orc:1 |     999 |       0 |   0.0 |       6 |       0 |   0.0
      Orc:2 |    3646 |    6537 |  64.2 |      43 |      65 |  60.2
   Vaults:1 |   10209 |    9780 |  48.9 |      17 |      11 |  39.3
            +---------+---------+-------+---------+---------+-------
